[Event "Titled Tuesday Blitz June 20 Late 2023"]
[White "Tomiello, Lucas Costamilan"]
[Black "Seletsky, Grigory"]
[WhiteFideId "22701940"]
[BlackFideId "14112191"]
[WhiteElo "2116"]
[BlackElo "2491"]
[Result "1-0"]
[Round "5"]
[TimeControl "180+2"]
[Date "2023.06.20"]
[WhiteClock "0:00:12"]
[BlackClock "0:00:00"]
[Board "114"]

1. e4 c5 2. Nf3 d6 3. d4 cxd4 4. Nxd4 Nf6 5. Nc3 a6 6. Bc4 e6 7. Bb3 Qc7 8. Be3 Nc6 9. Qe2 Be7 10. O-O-O O-O 11. f3 b5 12. g4 Nxd4 13. Bxd4 Bb7 14. a3 Rac8 15. Kb1 Rfd8 16. f4 d5 17. e5 Ne4 18. Nxe4 dxe4 19. f5 Bd5 20. Bxd5 Rxd5 21. Qxe4 Rcd8 22. Rd3 Qc4 23. Rhd1 g6 24. f6 Bf8 25. b3 Qc6 26. Bb2 Rxd3 27. Qxc6 Rxd1+ 28. Ka2 R1d2 29. a4 b4 30. a5 Rg2 31. Bc1 Rxg4 32. Qxa6 Rg2 33. Kb1 h5 34. Qf1 Rxh2 35. a6 Rc8 36. Qd1 1-0


[Site "https://www.chess.com"]

[Event "Titled Tuesday Blitz June 20 Late 2023"]
[White "FromTexas54"]
[Black "Domingo Nunez, Alejandro"]
[BlackFideId "22245561"]
[WhiteElo "2418"]
[BlackElo "2291"]
[Result "0-1"]
[Round "5"]
[TimeControl "180+2"]
[Date "2023.06.20"]
[WhiteClock "0:00:00"]
[BlackClock "0:00:40"]
[Board "115"]

1. d4 g6 2. c4 Bg7 3. Nc3 d6 4. e4 Nf6 5. Nf3 O-O 6. Be2 e5 7. O-O exd4 8. Nxd4 Re8 9. f3 Nc6 10. Be3 Ne5 11. Qd2 Nh5 12. g4 Nf6 13. Rad1 c6 14. Nc2 d5 15. cxd5 cxd5 16. Nxd5 Nxd5 17. exd5 Qh4 18. Bf2 Qh3 19. Bg3 Bd7 20. Nd4 Bh6 21. g5 Bg7 22. Rfe1 Rad8 23. Bf1 Qh5 24. Be2 Bh3 25. f4 Ng4 26. Bf3 Rxe1+ 27. Rxe1 h6 28. Nc2 Bxb2 29. d6 Ba3 30. d7 Bc5+ 31. Kh1 Nf2+ 32. Qxf2 Bxf2 33. Re8+ Kg7 34. Bxh5 Rxd7 35. Bxf2 Rd2 36. Re2 Rd1+ 37. Re1 Rd2 38. Bd4+ Kh7 39. Re8 gxh5 40. Rh8+ Kg6 0-1


[Site "https://www.chess.com"]

[Event "Titled Tuesday Blitz June 20 Late 2023"]
[White "Paulsen, Dirk"]
[Black "Garcia Ramos, Daniel"]
[WhiteFideId "4601343"]
[BlackFideId "32010311"]
[WhiteElo "2339"]
[BlackElo "2341"]
[Result "0-1"]
[Round "5"]
[TimeControl "180+2"]
[Date "2023.06.20"]
[WhiteClock "0:01:15"]
[BlackClock "0:02:20"]
[Board "116"]

1. d4 d5 2. c4 e6 3. Nf3 Nf6 4. Nc3 c5 5. e3 dxc4 6. Bxc4 a6 7. a3 b5 8. Bd3 Bb7 9. dxc5 Bxc5 10. b4 Be7 11. Bb2 Nbd7 12. O-O O-O 13. Qe2 Rc8 14. Rfd1 Qc7 15. Rac1 Qb8 16. Ng5 h6 17. Nge4 Ne5 18. Nxf6+ Bxf6 19. Ne4 Bxe4 20. Bxe4 Rxc1 21. Rxc1 Rc8 22. Rxc8+ Qxc8 23. g3 Nc4 24. Bxf6 gxf6 25. Qg4+ Kf8 26. Qf4 Ke7 27. Qxh6 Nxa3 28. Qf4 Qc1+ 29. Kg2 Nc4 30. Qc7+ Kf8 31. h4 Nxe3+ 0-1


[Site "https://www.chess.com"]

[Event "Titled Tuesday Blitz June 20 Late 2023"]
[White "TheKnightOfBosnia"]
[Black "Buchenau, Frank"]
[BlackFideId "4604350"]
[WhiteElo "2586"]
[BlackElo "2157"]
[Result "0-1"]
[Round "5"]
[TimeControl "180+2"]
[Date "2023.06.20"]
[WhiteClock "0:00:02"]
[BlackClock "0:00:36"]
[Board "117"]

1. e4 e6 2. d4 d5 3. exd5 exd5 4. Nf3 Bf5 5. Bd3 Bxd3 6. Qxd3 Nc6 7. c3 Bd6 8. O-O Nge7 9. Nbd2 O-O 10. Re1 Qd7 11. Nf1 Qf5 12. Qxf5 Nxf5 13. Ng3 Bxg3 14. hxg3 h5 15. Bf4 Rac8 16. Ne5 f6 17. Nxc6 bxc6 18. Re6 g5 19. Bd2 Nd6 20. Rae1 Rfe8 21. Rxf6 Ne4 22. Rxe4 Rxe4 23. Rxc6 Re2 24. Bxg5 Rxb2 25. a4 Ra2 26. Ra6 Rc2 27. Rc6 Ra2 28. Ra6 Rb8 29. Be3 Rb1+ 30. Kh2 Raa1 31. g4 h4 32. g3 Rh1+ 33. Kg2 h3+ 34. Kf3 h2 35. Rh6 Rxa4 36. Kg2 Raa1 37. Rxh2 Rag1+ 38. Kf3 Rxh2 39. Kf4 Rf1 40. Ke5 Rfxf2 41. Kxd5 Rf3 42. Bf4 Rc2 43. c4 c6+ 44. Kc5 Rfc3 45. Kxc6 Rxc4+ 46. Kd5 a5 47. Bd6 a4 48. Ke4 Rxd4+ 49. Kxd4 Rd2+ 50. Ke5 Rxd6 51. Kxd6 a3 0-1


[Site "https://www.chess.com"]

[Event "Titled Tuesday Blitz June 20 Late 2023"]
[White "Prydun, Andriy"]
[Black "MKlose11"]
[WhiteFideId "14145898"]
[WhiteElo "2164"]
[BlackElo "2583"]
[Result "0-1"]
[Round "5"]
[TimeControl "180+2"]
[Date "2023.06.20"]
[WhiteClock "0:00:12"]
[BlackClock "0:01:51"]
[Board "118"]

1. e4 e6 2. d4 d5 3. exd5 exd5 4. h4 Nf6 5. h5 h6 6. Nc3 c5 7. Bb5+ Nc6 8. Be3 Bg4 9. Nge2 c4 10. b3 cxb3 11. axb3 Bxh5 12. Ra6 Qd7 13. Bxc6 bxc6 14. Qa1 Bb4 15. Qa4 Bxe2 16. Qxb4 Bxa6 0-1


[Site "https://www.chess.com"]

[Event "Titled Tuesday Blitz June 20 Late 2023"]
[White "Maiti, Milind"]
[Black "Slavin, Alexey"]
[WhiteFideId "2090767"]
[BlackFideId "24104388"]
[WhiteElo "2150"]
[BlackElo "2264"]
[Result "1-0"]
[Round "5"]
[TimeControl "180+2"]
[Date "2023.06.20"]
[WhiteClock "0:00:12"]
[BlackClock "0:00:03"]
[Board "119"]

1. d4 Nc6 2. e4 d6 3. Nf3 Nf6 4. Nc3 Bg4 5. Be2 e5 6. d5 Ne7 7. O-O Ng6 8. h3 Bd7 9. Re1 Be7 10. Bf1 O-O 11. Be3 a6 12. a4 h6 13. Qd2 Nh7 14. Ne2 f5 15. exf5 Bxf5 16. Ng3 Bxh3 17. Bd3 Nf4 18. Bxh7+ Kxh7 19. gxh3 Nxh3+ 20. Kg2 Nf4+ 21. Bxf4 Rxf4 22. Qd3+ Kg8 23. Re4 Rf7 24. Rg4 Qd7 25. Qg6 Raf8 26. Nh5 Bg5 27. Rg3 e4 28. Qxe4 Re7 29. Qg4 Rf5 30. Nxg5 hxg5 31. Rh1 Ref7 32. Rf1 Qe7 33. Re3 Qf8 34. Qe2 Re5 35. Rxe5 dxe5 36. Qxe5 Re7 37. Qxg5 Qf7 38. Ng3 Rd7 39. Qf5 Qe7 40. Qe6+ Qxe6 41. dxe6 Re7 42. Re1 Kf8 43. Nf5 Re8 44. e7+ Kf7 45. Kf3 Kf6 46. Kf4 g6 47. Nd4 Rxe7 48. Rxe7 Kxe7 49. Kg5 c5 50. Nf3 Ke6 51. Kxg6 Kd5 52. Ng5 c4 53. f4 b5 54. axb5 axb5 55. f5 Kd4 56. f6 Ke3 57. f7 Kd2 58. f8=Q Kxc2 59. Qb4 Kd3 60. Qxb5 Kd4 61. Qb4 1-0


[Site "https://www.chess.com"]

[Event "Titled Tuesday Blitz June 20 Late 2023"]
[White "Omariev, Maksim"]
[Black "ElDivis"]
[WhiteFideId "4193423"]
[WhiteElo "2404"]
[BlackElo "2531"]
[Result "0-1"]
[Round "5"]
[TimeControl "180+2"]
[Date "2023.06.20"]
[WhiteClock "0:00:07"]
[BlackClock "0:00:12"]
[Board "120"]

1. g4 d5 2. Bg2 c6 3. h3 e5 4. d4 Nd7 5. dxe5 Nxe5 6. Bf4 Bd6 7. Qd4 Qf6 8. e3 g5 9. Bg3 Ne7 10. Nc3 h5 11. O-O-O hxg4 12. hxg4 Rxh1 13. Bxh1 N7g6 14. f3 Qh8 15. Bg2 Be6 16. e4 Rd8 17. exd5 cxd5 18. Qxa7 Kf8 19. Qxb7 Nc4 20. Qa6 Bxg3 21. Nge2 Be5 22. a4 Nxb2 23. Kxb2 Rb8+ 24. Kc1 Nf4 25. Nxf4 Bxf4+ 26. Rd2 Qxc3 27. Qd3 Qxd3 28. cxd3 Bxd2+ 29. Kxd2 Rb2+ 30. Kc3 Rxg2 31. Kb3 d4+ 32. Kb4 Rb2+ 33. Ka3 Rb7 34. a5 Ke7 35. Ka4 Kd6 36. a6 Ra7 37. Kb5 Bc8 38. Kc4 Rxa6 39. Kxd4 Ra4+ 40. Ke3 Rf4 41. d4 Kd5 42. Kf2 Bxg4 43. Kg3 Bxf3 44. Kh3 Bg4+ 45. Kg3 Bf5 46. Kh2 Ke4 47. Kg3 Ke3 48. Kg2 Rg4+ 49. Kh3 Kf3 50. d5 Rh4# 0-1


[Site "https://www.chess.com"]

[Event "Titled Tuesday Blitz June 20 Late 2023"]
[White "Bruedigam, Martin"]
[Black "Melikhov, Evgeny V."]
[WhiteFideId "24608033"]
[BlackFideId "4122046"]
[WhiteElo "2331"]
[BlackElo "2158"]
[Result "1-0"]
[Round "5"]
[TimeControl "180+2"]
[Date "2023.06.20"]
[WhiteClock "0:00:09"]
[BlackClock "0:00:08"]
[Board "121"]

1. d4 Nf6 2. c4 e6 3. Nc3 Bb4 4. Bd2 O-O 5. e3 d5 6. Nf3 Nc6 7. Rc1 dxc4 8. Bxc4 Bd6 9. Nb5 e5 10. Nxd6 cxd6 11. dxe5 dxe5 12. Bc3 Qxd1+ 13. Rxd1 Bg4 14. h3 Bxf3 15. gxf3 Rfd8 16. Ke2 a6 17. a3 Kf8 18. Rhg1 Rxd1 19. Rxd1 Ke7 20. Rg1 g6 21. Rc1 Rd8 22. Bd3 Nd5 23. Be1 Rd6 24. Bb1 f5 25. Rc5 Nc7 26. Ba2 Ne6 27. Rc1 Kf6 28. Bc3 Nc7 29. f4 Nb5 30. fxe5+ Nxe5 31. Bb4 Rc6 32. Rxc6+ Nxc6 33. Bc5 g5 34. Bd5 h5 35. f3 h4 36. Bb6 Nd6 37. Bc7 Ke5 38. Ba2 f4 39. Kd3 Ne7 40. exf4+ gxf4 41. Bxd6+ Kxd6 42. Ke4 b5 43. Kxf4 a5 44. Kg4 Ng6 45. f4 b4 46. axb4 axb4 47. Kg5 Ne7 48. Kxh4 Nf5+ 49. Kg5 Nd4 50. h4 b3 51. Bb1 Nf3+ 52. Kg6 Nxh4+ 53. Kf6 Kd5 54. f5 Kd4 55. Kg5 Nxf5 56. Kxf5 Ke3 57. Ke5 Kd2 58. Kd4 Kc1 59. Kc3 Kxb1 60. Kxb3 1-0


[Site "https://www.chess.com"]

[Event "Titled Tuesday Blitz June 20 Late 2023"]
[White "julioramirezosio"]
[Black "Golubev, Mikhail"]
[BlackFideId "14100983"]
[WhiteElo "2359"]
[BlackElo "2374"]
[Result "1-0"]
[Round "5"]
[TimeControl "180+2"]
[Date "2023.06.20"]
[WhiteClock "0:00:12"]
[BlackClock "0:00:12"]
[Board "122"]

1. d4 Nf6 2. c4 g6 3. g3 Bg7 4. Bg2 O-O 5. Nc3 d6 6. Nf3 Nbd7 7. O-O e5 8. e4 Re8 9. h3 b6 10. d5 Nc5 11. Qc2 a5 12. b3 Bd7 13. Be3 Rf8 14. a3 a4 15. b4 Nb3 16. Rad1 Nh5 17. g4 Nf4 18. Bxf4 exf4 19. Rfe1 Re8 20. g5 f6 21. gxf6 Qxf6 22. e5 dxe5 23. Ne4 Qf5 24. c5 bxc5 25. bxc5 c6 26. Nfg5 Nd4 27. Qc4 cxd5 28. Qxd5+ Be6 29. Nxe6 Qxe6 30. Nd6 Rad8 31. Rxd4 Kh8 32. Qxe6 1-0


[Site "https://www.chess.com"]

[Event "Titled Tuesday Blitz June 20 Late 2023"]
[White "Zaitsev, Alexander"]
[Black "Avalos Parra, Joao"]
[WhiteFideId "4164490"]
[BlackFideId "3402541"]
[WhiteElo "2373"]
[BlackElo "2173"]
[Result "0-1"]
[Round "5"]
[TimeControl "180+2"]
[Date "2023.06.20"]
[WhiteClock "0:00:11"]
[BlackClock "0:00:16"]
[Board "123"]

1. e4 e5 2. Nc3 Nf6 3. Bc4 Nc6 4. d3 Bc5 5. f4 d6 6. Nf3 exf4 7. Bxf4 O-O 8. Bg5 h6 9. Bh4 Bg4 10. Qd2 Bxf3 11. gxf3 Nxe4 12. Bxd8 Nxd2 13. Bxc7 Nxf3+ 14. Kd1 Rfe8 15. Ne4 Rxe4 16. dxe4 Rc8 17. Rf1 Nfe5 18. Bxd6 Bxd6 19. Bd5 Rd8 20. Ke2 Nd4+ 21. Kd2 Be7 22. c3 Bg5+ 23. Kd1 Ndf3 24. Rf2 Kh7 25. Kc2 Nh4 26. Bxf7 Nxf7 27. Rxf7 Rd2+ 28. Kb3 Rxh2 29. Rxb7 Nf3 30. Rd1 Nd2+ 31. Kb4 Nxe4 32. b3 Rxa2 33. Rdd7 Bf6 34. c4 Bc3+ 35. Kb5 Ra5+ 36. Kc6 Rc5# 0-1


[Site "https://www.chess.com"]

[Event "Titled Tuesday Blitz June 20 Late 2023"]
[White "Novikov, Evgenij"]
[Black "ArchibaldCerveza29"]
[WhiteFideId "4125380"]
[WhiteElo "2242"]
[BlackElo "2451"]
[Result "1-0"]
[Round "5"]
[TimeControl "180+2"]
[Date "2023.06.20"]
[WhiteClock "0:02:10"]
[BlackClock "0:00:55"]
[Board "124"]

1. e4 e5 2. Nc3 Nf6 3. g3 d5 4. exd5 Nxd5 5. Bg2 Nxc3 6. bxc3 Nc6 7. Ne2 Bd6 8. d3 O-O 9. O-O Re8 10. c4 Bd7 11. Rb1 Rb8 12. Bb2 Qe7 13. Re1 Bc5 14. Nc3 Qf8 15. Nd5 Bd6 16. Qd2 Nd4 17. Bxd4 exd4 18. Qg5 f6 19. Rxe8 Rxe8 20. Qh5 c6 21. Rxb7 Bc8 22. Nxf6+ gxf6 23. Qxh7# 1-0


[Site "https://www.chess.com"]

[Event "Titled Tuesday Blitz June 20 Late 2023"]
[White "Uzcategui Rodriguez, Alejandro"]
[Black "Buscar, Michael"]
[WhiteFideId "3903400"]
[BlackFideId "2603616"]
[WhiteElo "2252"]
[BlackElo "2010"]
[Result "0-1"]
[Round "5"]
[TimeControl "180+2"]
[Date "2023.06.20"]
[WhiteClock "0:01:00"]
[BlackClock "0:02:18"]
[Board "125"]

1. e4 c5 2. Nf3 Nc6 3. d4 cxd4 4. Nxd4 Nf6 5. Nc3 e5 6. Ndb5 h6 7. Nd6+ Bxd6 8. Qxd6 Qe7 9. Qd1 O-O 10. Bc4 Rd8 11. Be3 d6 12. h3 Be6 13. Nd5 Bxd5 14. Bxd5 Nxd5 15. Qxd5 Nb4 16. Qd2 d5 17. exd5 Rxd5 18. Qe2 Rc8 19. c3 Nd3+ 20. Kf1 Qf6 21. Rd1 Rcd8 22. Kg1 Nf4 23. Bxf4 Rxd1+ 24. Kh2 Qxf4+ 25. g3 Rxh1+ 26. Kxh1 Qd2 0-1


[Site "https://www.chess.com"]

[Event "Titled Tuesday Blitz June 20 Late 2023"]
[White "Liu, Casper"]
[Black "Skaric, Djuro"]
[WhiteFideId "1454153"]
[BlackFideId "934569"]
[WhiteElo "2221"]
[BlackElo "2282"]
[Result "1-0"]
[Round "5"]
[TimeControl "180+2"]
[Date "2023.06.20"]
[WhiteClock "0:01:16"]
[BlackClock "0:00:29"]
[Board "126"]

1. e4 d6 2. Nc3 g6 3. d4 Bg7 4. Bg5 Nc6 5. Nf3 h6 6. Be3 Nf6 7. Qd2 Ng4 8. O-O-O Nxe3 9. Qxe3 O-O 10. Bc4 Kh7 11. h4 Bg4 12. Ng5+ Kg8 13. f3 Bd7 14. h5 e6 15. Nh3 g5 16. f4 gxf4 17. Nxf4 e5 18. dxe5 Nxe5 19. Bb3 Bc6 20. Ng6 Re8 21. Rdf1 Qg5 22. Qxg5 hxg5 23. Nxe5 Rxe5 24. Rxf7 Bh6 25. Rhf1 g4+ 26. Kb1 Rae8 27. Rxc7+ d5 28. Nxd5 Bxd5 29. Bxd5+ Kh8 30. a3 Rxh5 31. Bf7 Rhe5 32. Bxe8 Rxe8 33. Rff7 Bf8 34. Rxb7 Kg8 35. Rf4 g3 36. Rg4+ Kh8 37. Rxg3 Rxe4 38. Rh3+ Kg8 39. Rg3+ Kh8 40. Rh3+ Kg8 41. Rxa7 Bc5 42. Rg3+ Kf8 43. Rf3+ Kg8 44. Rg3+ Kf8 45. Rc7 Bd6 46. Rf3+ Ke8 47. Rh7 Be5 48. b4 Re1+ 49. Ka2 Re2 50. Kb3 Kd8 51. Rf8# 1-0


[Site "https://www.chess.com"]

[Event "Titled Tuesday Blitz June 20 Late 2023"]
[White "Vaglio Munoz, Jaime"]
[Black "Haszon, David"]
[WhiteFideId "6500145"]
[BlackFideId "733610"]
[WhiteElo "2199"]
[BlackElo "2210"]
[Result "0-1"]
[Round "5"]
[TimeControl "180+2"]
[Date "2023.06.20"]
[WhiteClock "0:00:00"]
[BlackClock "0:00:18"]
[Board "127"]

1. Nf3 Nf6 2. c4 g6 3. b3 Bg7 4. Bb2 O-O 5. g3 d5 6. cxd5 Qxd5 7. Nc3 Qh5 8. h3 Rd8 9. Bg2 Nc6 10. g4 Qa5 11. a3 Ne4 12. b4 Nxc3 13. Bxc3 Qb5 14. Bxg7 Kxg7 15. O-O Ne5 16. d3 Nxf3+ 17. Bxf3 c6 18. Qc2 Qg5 19. Qc1 Qh4 20. Qf4 Be6 21. Rac1 a5 22. Kg2 axb4 23. axb4 h5 24. Qg3 Qxg3+ 25. Kxg3 hxg4 26. hxg4 Rd4 27. Rb1 Ra4 28. b5 Bxg4 29. bxc6 Bxf3 30. Kxf3 bxc6 31. Rfc1 Rf4+ 32. Ke3 Rf6 33. Rb6 Re6+ 34. Kf3 Ra2 35. Re1 Rc2 36. e3 Rf6+ 37. Ke4 Rcxf2 38. d4 Rc2 39. Rd1 Rc3 40. Rd2 Re6+ 41. Kf4 Rcxe3 42. Rxc6 g5+ 43. Kf5 Rxc6 44. Kxg5 Rg6+ 45. Kf4 Ree6 46. d5 Rd6 47. Ke5 Rgf6 0-1


[Site "https://www.chess.com"]

[Event "Titled Tuesday Blitz June 20 Late 2023"]
[White "Vila Dupla, Aurelio"]
[Black "Szyszylo, Rafal"]
[WhiteFideId "2203383"]
[BlackFideId "1109626"]
[WhiteElo "2009"]
[BlackElo "1951"]
[Result "1-0"]
[Round "5"]
[TimeControl "180+2"]
[Date "2023.06.20"]
[WhiteClock "0:00:12"]
[BlackClock "0:00:00"]
[Board "128"]

1. Nf3 d6 2. d4 g6 3. g3 Nf6 4. Bg2 Bg7 5. O-O O-O 6. c4 c6 7. Nc3 Qb6 8. h3 Qa6 9. Nd2 e5 10. dxe5 dxe5 11. b3 Rd8 12. Qc2 Bf5 13. e4 Be6 14. Bb2 Qa5 15. a3 Na6 16. b4 Qc7 17. c5 b6 18. cxb6 axb6 19. Rfc1 Rac8 20. Nf1 Qe7 21. Ne3 Nh5 22. Qe2 Nc7 23. b5 cxb5 24. Nxb5 Nxb5 25. Qxb5 Rxc1+ 26. Rxc1 Bh6 27. Qxe5 Bg7 28. Qb5 Bh6 29. Qxb6 Rd2 30. Bc3 Ra2 31. Qb4 1-0


[Site "https://www.chess.com"]

[Event "Titled Tuesday Blitz June 20 Late 2023"]
[White "Yeritsyan, Hayk"]
[Black "zano2023"]
[WhiteFideId "13307320"]
[WhiteElo "2455"]
[BlackElo "2197"]
[Result "1-0"]
[Round "5"]
[TimeControl "180+2"]
[Date "2023.06.20"]
[WhiteClock "0:00:10"]
[BlackClock "0:00:29"]
[Board "129"]

1. d4 e5 2. c3 d6 3. Nf3 Bg4 4. Bg5 Qd7 5. dxe5 Nc6 6. exd6 Bxd6 7. Nbd2 f6 8. Bh4 O-O-O 9. Qb3 Be6 10. Qc2 Bf5 11. e4 Bg6 12. O-O-O Nge7 13. Bg3 Bc5 14. Nb3 Qxd1+ 15. Qxd1 Rxd1+ 16. Kxd1 Rd8+ 17. Kc1 Bb6 18. Nfd2 a5 19. f3 a4 20. Na1 Ne5 21. Nc2 Nd3+ 22. Bxd3 Rxd3 23. Rd1 Bc5 24. a3 Nc6 25. Nc4 Rxd1+ 26. Kxd1 b5 27. Nd2 Bf7 28. Ke2 g5 29. Bf2 Bd6 30. Nd4 Nxd4+ 31. Bxd4 Be7 32. Nf1 c5 33. Be3 Bd6 34. Ng3 Bc4+ 35. Kf2 Kd7 36. Nf5 Bf8 37. h3 h5 38. h4 g4 39. fxg4 hxg4 40. Kg3 Bd3 41. Kxg4 Bxe4 42. h5 Ke6 43. Nh4 f5+ 44. Kg3 Bd6+ 45. Bf4 Be7 46. Ng6 Bf6 47. h6 Kf7 48. Nh4 Bxh4+ 49. Kxh4 Kg6 50. Kg3 b4 51. cxb4 cxb4 52. axb4 Bd3 53. Kf2 Be4 54. g3 Bd5 55. Ke3 Bg8 56. Kd4 Kf6 57. Kc5 Ke6 58. Kb6 Kd7 59. Ka7 Kc6 60. Ka6 Bc4+ 61. Ka5 Bb3 62. h7 1-0


[Site "https://www.chess.com"]

[Event "Titled Tuesday Blitz June 20 Late 2023"]
[White "Blackburn, Jonathan L B"]
[Black "Sailer, Mike"]
[WhiteFideId "1801090"]
[BlackFideId "2012901"]
[WhiteElo "2178"]
[BlackElo "2109"]
[Result "1-0"]
[Round "5"]
[TimeControl "180+2"]
[Date "2023.06.20"]
[WhiteClock "0:00:18"]
[BlackClock "0:00:08"]
[Board "130"]

1. d4 d5 2. c4 c6 3. Nc3 Nf6 4. Nf3 a6 5. e3 b5 6. b3 Bg4 7. Be2 e6 8. h3 Bh5 9. O-O Bd6 10. Ne5 Bxe2 11. Qxe2 O-O 12. a4 b4 13. Nb1 Bxe5 14. dxe5 Ne4 15. Bb2 Nd7 16. Nd2 Nxd2 17. Qxd2 a5 18. cxd5 cxd5 19. Bd4 Rc8 20. Rfc1 Qe7 21. e4 dxe4 22. Qe3 Qh4 23. Kh2 g5 24. g3 Qh5 25. Qxe4 Qg6 26. Qb7 Rxc1 27. Rxc1 Nb8 28. Rc8 Qd3 29. Rxf8+ Kxf8 30. Qxb8+ Kg7 31. Qd8 Qxb3 32. Qxg5+ Kh8 33. Be3 Qd3 34. Qf6+ Kg8 35. Bh6 1-0


[Site "https://www.chess.com"]

[Event "Titled Tuesday Blitz June 20 Late 2023"]
[White "Torres Dominguez, David"]
[Black "Goltsev, Dmitry"]
[WhiteFideId "2220857"]
[BlackFideId "24176710"]
[WhiteElo "1999"]
[BlackElo "2356"]
[Result "0-1"]
[Round "5"]
[TimeControl "180+2"]
[Date "2023.06.20"]
[WhiteClock "0:00:00"]
[BlackClock "0:01:19"]
[Board "131"]

1. e4 e6 2. d4 d5 3. exd5 exd5 4. Bd3 Nf6 5. Nf3 c5 6. O-O Be7 7. Re1 O-O 8. dxc5 Bxc5 9. h3 Nc6 10. Nbd2 Qd6 11. Nb3 Bb6 12. Bg5 h6 13. Bh4 g5 14. Bg3 Qxg3 15. Kh1 Bxf2 16. Rf1 g4 17. Qd2 gxf3 18. Rxf2 Qg5 19. Rxf3 Qxd2 20. Nxd2 Ne8 21. Raf1 Ne5 22. Rg3+ Kh8 23. Be2 d4 24. Nb3 Rg8 25. Rxg8+ Kxg8 26. Nxd4 Nc7 27. Bh5 Kg7 28. Re1 Ng6 29. c4 Ne6 30. Nf5+ Kh7 31. Nd6 Nef4 32. Bf3 Be6 33. Bxb7 Rd8 34. c5 Nd3 0-1


[Site "https://www.chess.com"]

[Event "Titled Tuesday Blitz June 20 Late 2023"]
[White "Delorme, Axel"]
[Black "Shapiro, Daniel"]
[WhiteFideId "632023"]
[BlackFideId "2001780"]
[WhiteElo "2478"]
[BlackElo "2326"]
[Result "1-0"]
[Round "5"]
[TimeControl "180+2"]
[Date "2023.06.20"]
[WhiteClock "0:00:19"]
[BlackClock "0:00:08"]
[Board "132"]

1. e4 e5 2. Nf3 Nc6 3. Bb5 a6 4. Ba4 Nf6 5. O-O Be7 6. Re1 b5 7. Bb3 d6 8. c3 O-O 9. h3 Na5 10. Bc2 c5 11. d4 Nd7 12. a4 Bb7 13. d5 c4 14. Na3 Nc5 15. axb5 axb5 16. Nxb5 Nab3 17. Rxa8 Qxa8 18. Na3 Ba6 19. Be3 Rb8 20. Nd2 Nxd2 21. Bxc5 dxc5 22. Qxd2 Rxb2 23. Ra1 Qd8 24. Qc1 Rb6 25. Bd1 g6 26. Be2 Bg5 27. Qc2 Rf6 28. Bxc4 Bc8 29. Bf1 Bf4 30. Nc4 g5 31. g3 Rg6 32. Bg2 Rh6 33. gxf4 gxf4 34. Qe2 Qh4 35. Ra8 Qd8 36. Nxe5 Rh5 37. Nc6 Qc7 38. Rxc8+ Qxc8 39. Ne7+ 1-0


[Site "https://www.chess.com"]

[Event "Titled Tuesday Blitz June 20 Late 2023"]
[White "Santos Flores, Alberto"]
[Black "Prieto Aranguren, Alain"]
[WhiteFideId "3601234"]
[BlackFideId "2268906"]
[WhiteElo "2235"]
[BlackElo "2209"]
[Result "1-0"]
[Round "5"]
[TimeControl "180+2"]
[Date "2023.06.20"]
[WhiteClock "0:02:02"]
[BlackClock "0:01:04"]
[Board "133"]

1. e4 c6 2. d4 d5 3. Nc3 a6 4. Nf3 Bg4 5. exd5 cxd5 6. h3 Bh5 7. g4 Bg6 8. Bg2 Nc6 9. O-O e6 10. Ne5 Bd6 11. f4 Qc7 12. Nxc6 bxc6 13. f5 Bh2+ 14. Kh1 Nf6 15. fxg6 hxg6 16. Qf3 c5 17. dxc5 Rb8 18. Bf4 Bxf4 19. Qxf4 Qxf4 20. Rxf4 Rxb2 21. Rb1 Rxb1+ 22. Nxb1 Kd7 23. Rb4 Kc6 24. Rb6+ Kxc5 25. Rxa6 Rb8 26. Nd2 Rb2 27. Ra7 Rxc2 28. Rc7+ 1-0


[Site "https://www.chess.com"]

[Event "Titled Tuesday Blitz June 20 Late 2023"]
[White "Spichkin, Alexander"]
[Black "Shuvalov, Evgenij"]
[WhiteFideId "4144074"]
[BlackFideId "4187237"]
[WhiteElo "1986"]
[BlackElo "2080"]
[Result "0-1"]
[Round "5"]
[TimeControl "180+2"]
[Date "2023.06.20"]
[WhiteClock "0:01:02"]
[BlackClock "0:01:50"]
[Board "134"]

1. f4 d5 2. Nf3 Bg4 3. e3 Nd7 4. d4 Ngf6 5. Bd3 e6 6. O-O c5 7. c3 Ne4 8. h3 Bxf3 9. Qxf3 f5 10. Bd2 Be7 11. Be1 O-O 12. Nd2 Qb6 13. Rb1 Rac8 14. Bxe4 dxe4 15. Qe2 cxd4 16. exd4 Qc6 17. Kh1 b5 18. Nb3 Nb6 19. Na5 Qd5 20. b4 Nc4 21. Nxc4 Rxc4 22. Qxc4 Qxc4 0-1


[Site "https://www.chess.com"]

[Event "Titled Tuesday Blitz June 20 Late 2023"]
[White "Jovic, Stanoje"]
[Black "Gerbelli Neto, Eduardo"]
[WhiteFideId "905020"]
[BlackFideId "2103281"]
[WhiteElo "2236"]
[BlackElo "2178"]
[Result "1-0"]
[Round "5"]
[TimeControl "180+2"]
[Date "2023.06.20"]
[WhiteClock "0:00:09"]
[BlackClock "0:00:05"]
[Board "135"]

1. c4 c5 2. g3 Nf6 3. Bg2 Nc6 4. Nc3 e6 5. Nf3 d5 6. cxd5 exd5 7. d4 cxd4 8. Nxd4 Bc5 9. Nb3 Bb4 10. O-O Bxc3 11. bxc3 O-O 12. Bg5 Be6 13. Nc5 Qe7 14. Nxe6 fxe6 15. e4 dxe4 16. Bxe4 Qc5 17. Bxf6 Rxf6 18. Rc1 Raf8 19. Rc2 b6 20. Kg2 Ne5 21. Qd4 Qc7 22. Rd2 Nc4 23. Rd3 Ne5 24. Re3 Nc4 25. Rd3 Ne5 26. Rdd1 R6f7 27. f4 Ng4 28. Rfe1 Nf6 29. Bf3 Re7 30. Rd3 Rfe8 31. Rde3 Kf7 32. c4 Qc5 33. Qc3 h6 34. g4 g6 35. h4 Qd6 36. g5 hxg5 37. fxg5 Nh5 38. Bxh5 gxh5 39. Rf1+ Kg8 40. Ref3 e5 41. Rf6 Qd4 42. Qf3 Qg4+ 43. Qxg4 hxg4 44. h5 e4 45. Re1 e3 46. Rf4 Re5 47. Rxg4 Re4 48. Rxe4 Rxe4 49. Kf3 Rxc4 50. Rxe3 Rc2 51. Re7 Rxa2 52. h6 Rh2 53. Kg4 a5 54. Kf5 Kf8 55. Rb7 Rb2 56. Kg6 a4 57. h7 Rh2 58. Rxb6 Ke7 59. Rb8 a3 60. h8=Q 1-0


[Site "https://www.chess.com"]

[Event "Titled Tuesday Blitz June 20 Late 2023"]
[White "Dimitrijevic, Aleksandra"]
[Black "Barria Santos, Jose Guilherme"]
[WhiteFideId "929239"]
[BlackFideId "1939300"]
[WhiteElo "2311"]
[BlackElo "2266"]
[Result "0-1"]
[Round "5"]
[TimeControl "180+2"]
[Date "2023.06.20"]
[WhiteClock "0:01:53"]
[BlackClock "0:00:46"]
[Board "136"]

1. d4 Nf6 2. c4 e6 3. g3 c5 4. d5 exd5 5. cxd5 d6 6. Nc3 g6 7. Bg2 Bg7 8. e4 O-O 9. Nge2 Re8 10. O-O b5 11. Nxb5 Nxe4 12. Qc2 Bf5 13. Qc4 a6 14. Nbc3 Nxc3 15. bxc3 Nd7 16. Nf4 Ne5 17. Qa4 Nd3 18. Bd2 Nxf4 19. Qxf4 Bd3 20. Rfe1 Be5 21. Qh6 Rb8 22. Rad1 Bc2 23. Rc1 Rb2 24. Bg5 f6 25. Bf4 Rxa2 26. Bh3 Bb3 27. Be6+ Rxe6 28. dxe6 Bxe6 29. Bd2 Bd5 30. c4 Bc6 31. Bc3 Qd7 32. Bxe5 fxe5 33. Qg5 Qf7 34. Qd8+ Kg7 35. Qxd6 Qxf2# 0-1


[Site "https://www.chess.com"]

[Event "Titled Tuesday Blitz June 20 Late 2023"]
[White "Doknjas, Neil"]
[Black "Stanisz, Patryk"]
[WhiteFideId "2617587"]
[BlackFideId "1123106"]
[WhiteElo "2152"]
[BlackElo "2069"]
[Result "1-0"]
[Round "5"]
[TimeControl "180+2"]
[Date "2023.06.20"]
[WhiteClock "0:00:08"]
[BlackClock "0:00:00"]
[Board "137"]

1. c4 c6 2. Nf3 d5 3. e3 Nf6 4. Nc3 Bf5 5. Qb3 Qb6 6. cxd5 Qxb3 7. axb3 Nxd5 8. Nd4 Bd7 9. Nxd5 cxd5 10. Nb5 Bxb5 11. Bxb5+ Nc6 12. d4 e6 13. Bd2 Bd6 14. Ke2 Kd7 15. f4 Rhc8 16. g4 a6 17. Bd3 h6 18. g5 hxg5 19. fxg5 Rh8 20. h4 g6 21. Raf1 Ke7 22. Bc3 Rh5 23. e4 Rah8 24. e5 Bb4 25. Rf4 Rxg5 26. Rhf1 Rg2+ 27. Kf3 Bxc3 28. Kxg2 Rh7 29. bxc3 1-0


[Site "https://www.chess.com"]